Mulligans vs Gangsters
Created - 21 décembre 2016 at 22:21
Goals
|
Mulligans |
1 |
1 |
0 |
2 |
Gangsters |
2 |
5 |
0 |
7 |
|
Shots
|
Mulligans |
7 |
17 |
10 |
34 |
Gangsters |
12 |
13 |
6 |
31 |
|
1st period
1. Gangsters , Richard Panik 9 (Alexandre Bolduc, Ryan Johansen) at 10:18
2. Mulligans , Matt Beleskey 9 (Chris Neil) at 15:55
3. Gangsters , Nathan Gerbe 13 (Ryan Johansen, Mikko Lehtonen) at 16:03
Penalties :
Chris Neil (Rep) for High sticking (Minor) at 10:21
2nd period
4. Mulligans , Nick Bonino 12 (Matt Beleskey) at 0:35
5. Gangsters , Nathan Gerbe 14 (Mikko Lehtonen, Ryan Johansen) at 0:45
6. Gangsters , Ryan Johansen 19 (Nathan Gerbe) at 4:27 (PP)
7. Gangsters , Nathan Gerbe 15 (Ryan Johansen) at 4:52
8. Gangsters , Shaun Heska 2 (Ben Holmstrom) at 14:36
9. Gangsters , Alexandre Bolduc 14 (Richard Panik) at 19:19
Penalties :
Cade Fairchild (Rep) for Boarding (Minor) at 4:17, Cody Goloubef (Rep) for Holding (Minor) at 7:03, Nathan Gerbe (Bro) for Fighting (Major) at 15:34, Eric Tangradi (Rep) for Fighting (Major) at 15:34, Nathan Gerbe (Bro) for instigated a fight (Minor) at 15:34, Nathan Gerbe (Bro) for instigated a fight (10 Minutes Misconduct) at 15:34
3rd period
No Goal
Penalties :
Curtis McKenzie (Bro) for Kneeing (Minor) at 8:15
Goalie Stats
Calvin Pickard (Rep), 13 saves from 16 shots - (0,813), 35:33 minutes
Anders Lindback (Rep), 11 saves from 15 shots - (0,733), L, 7-6-2, 24:27 minutes
Dustin Tokarski (Bro), 32 saves from 34 shots - (0,941), W, 3-1-1, 60:00 minutes
Players Stats for Mulligans
Player Name G A P +/- PIM S H SB GA TA FO MP PP MP PK MP
------------------------------------------------------------------------------------
Anton Lander 0 0 0 -3 0 1 0 1 2 0 9/16 18:07 1:35 1:32
Cade Fairchild 0 0 0 1 2 0 1 0 0 0 0/0 7:47 0:00 1:41
Chris Neil 0 1 1 -1 2 3 2 0 0 1 1/1 19:27 2:20 0:25
Cody Goloubef 0 0 0 0 2 0 1 0 1 0 0/0 12:44 0:00 1:24
Drayson Bowman 0 0 0 0 0 3 1 0 0 0 0/0 13:39 0:40 0:58
Eric Tangradi 0 0 0 -3 5 0 1 0 1 1 1/1 15:26 0:47 0:51
Gord Baldwin 0 0 0 0 0 1 1 1 1 0 0/0 13:53 0:00 2:43
Jan Hlavac 0 0 0 0 0 1 0 0 1 0 0/0 11:54 0:00 2:11
Jonathan Tremblay 0 0 0 -3 0 1 2 0 0 0 1/3 16:34 1:34 0:00
Jordan Szwarz 0 0 0 0 0 1 2 0 0 0 0/0 10:54 0:15 0:00
Logan Shaw 0 0 0 0 0 1 1 0 0 0 0/1 9:51 0:03 0:00
Matt Beleskey 1 1 2 -1 0 2 2 0 0 1 1/1 18:41 2:20 0:00
Matt Donovan 0 0 0 -3 0 1 0 2 0 1 0/0 19:25 2:01 0:00
Matt Niskanen 0 0 0 -2 0 5 1 2 0 0 0/0 19:36 1:57 0:26
Michael Del Zotto 0 0 0 -3 0 4 0 1 0 2 0/0 19:25 2:01 0:00
Nick Bonino 1 0 1 -1 0 3 2 0 0 0 16/29 18:41 2:20 0:00
Nick Shore 0 0 0 0 0 1 0 0 0 0 2/6 9:54 0:00 0:11
Oliver Lauridsen 0 0 0 1 0 0 0 0 0 1 0/0 6:55 0:00 0:26
Thomas Hickey 0 0 0 -2 0 3 3 0 0 3 0/0 20:24 1:57 1:36
Tim Schaller 0 0 0 0 0 3 0 0 0 1 1/7 12:31 0:00 2:08
Players Stats for Gangsters
Player Name G A P +/- PIM S H SB GA TA FO MP PP MP PK MP
------------------------------------------------------------------------------------
Alexandre Bolduc 1 1 2 1 0 3 1 0 0 1 6/12 16:58 1:59 0:39
Ben Holmstrom 0 1 1 1 0 0 2 0 0 0 2/4 9:06 0:00 2:03
Colten Teubert 0 0 0 5 0 1 0 4 1 1 0/0 26:52 2:08 2:44
Curtis McKenzie 0 0 0 1 2 1 1 0 0 0 0/2 17:22 1:59 0:47
Devante Smith-Pelly 0 0 0 -1 0 3 2 1 0 0 0/0 14:39 0:00 0:00
Dougie Hamilton 0 0 0 -1 0 0 1 1 0 0 0/0 13:59 0:00 0:23
Matt Delahey 0 0 0 0 0 0 1 0 0 0 0/0 20:12 2:00 1:14
Maxime Sauvé 0 0 0 -1 0 3 2 0 4 0 4/5 14:56 0:00 0:00
Michael Sdao 0 0 0 0 0 2 4 2 0 1 0/0 20:03 2:00 1:14
Mikko Lehtonen 0 2 2 3 0 1 3 1 1 0 0/0 18:12 2:09 0:00
Nathan Gerbe 3 1 4 3 17 6 0 1 2 0 0/1 15:31 2:09 0:00
Patrik Nemeth 0 0 0 -1 0 0 0 1 1 0 0/0 12:56 0:00 0:00
Phil McRae 0 0 0 0 0 0 0 0 0 0 2/3 5:40 0:00 0:00
Phillip Danault 0 0 0 -1 0 1 2 0 0 0 0/2 15:45 0:00 1:06
Richard Panik 1 1 2 1 0 4 2 0 1 1 0/1 16:37 1:59 0:00
Ryan Johansen 1 4 5 4 0 4 1 1 1 1 19/35 24:17 2:09 2:58
Shaun Heska 1 0 1 5 0 2 1 1 0 1 0/0 26:52 2:08 2:44
Stefan Noesen 0 0 0 1 0 0 0 0 0 0 0/0 6:03 0:00 0:00
3 Stars
1 - Ryan Johansen (Bro)
2 - Shaun Heska (Bro)
3 - Mikko Lehtonen (Bro)
Power Play
Mulligans - 0 on 2 Attempt(s) - 0,00%
Gangsters - 1 on 3 Attempt(s) - 33,33%
Penalty Kill
Mulligans - 2 on 3 Attempt(s) - 66,67%
- Score 0 goal in Penalty Kill
Gangsters - 2 on 2 Attempt(s) - 100,00%
- Score 0 goal in Penalty Kill
Team Stat
Mulligans - Hits : 20 - Faceoff Wins : 32 - Blocked Shots : 7 - Penalty Minutes : 11
Gangsters - Hits : 23 - Faceoff Wins : 33 - Blocked Shots : 13 - Penalty Minutes : 19
Official
Referees : McCreary Bill and Morton Dean
Linesman : Shane Heyer and Derek Amell
Game Notes
Calvin Pickard enters game at 4:27 of 2nd period
Nathan Gerbe has scored a Hat Trick!
Nathan Gerbe and Eric Tangradi fight to a draw at 15:34 of 2nd period
Finance
Level 1 -- Attendance: 1546 (77,30%) -- Ticket Income 54 110 $
Level 2 -- Attendance: 770 (77,00%) -- Ticket Income 11 550 $
Total Attendance: 2316 (77,20%)
Total Ticket Income: 65 660 $
Other Income: 3 283 $
Total Income: 68 943 $
Mulligans
5 vs 5 Forward
Center Left Wing Right Wing Time % Phy DF OF
1 Nick Bonino Matt Beleskey Chris Neil 35 0 2 3
2 Anton Lander Eric Tangradi Jonathan Tremblay 30 0 2 3
3 Tim Schaller Drayson Bowman Jordan Szwarz 20 0 3 2
4 Nick Shore Jan Hlavac Logan Shaw 15 0 3 2
5 vs 5 Defense
Defense Defense Time % Phy DF OF
1 Michael Del Zotto Matt Donovan 36 0 3 2
2 Thomas Hickey Matt Niskanen 34 0 2 3
3 Gord Baldwin Cody Goloubef 20 1 2 2
4 Cade Fairchild Oliver Lauridsen 10 1 2 2
PowerPlay Forward
Center Left Wing Right Wing Time % Phy DF OF
1 Nick Bonino Matt Beleskey Chris Neil 60 1 2 2
2 Anton Lander Eric Tangradi Jonathan Tremblay 40 1 2 2
PowerPlay Defense
Defense Defense Time % Phy DF OF
1 Michael Del Zotto Matt Donovan 55 1 2 2
2 Thomas Hickey Matt Niskanen 45 1 2 2
Penalty Kill 4 Players Forward
Center Wing Time % Phy DF OF
1 Tim Schaller Jan Hlavac 60 0 4 1
2 Anton Lander Drayson Bowman 40 0 4 1
Penalty Kill 4 Players Defense
Defense Defense Time % Phy DF OF
1 Cody Goloubef Gord Baldwin 60 1 4 0
2 Thomas Hickey Cade Fairchild 40 1 4 0
Penalty Kill - 3 Players Forward
Forward Time % Phy DF OF
1 Jan Hlavac 60 1 2 2
2 Chris Neil 40 1 2 2
Penalty Kill - 3 Players Defense
Defense Defense Time % Phy DF OF
1 Matt Donovan Gord Baldwin 60 1 2 2
2 Cade Fairchild Cody Goloubef 40 1 2 2
4 vs 4 Forward
Center Wing Time % Phy DF OF
1 Nick Bonino Drayson Bowman 60 0 2 3
2 Chris Neil Matt Beleskey 40 1 2 2
4 vs 4 Defense
Defense Defense Time % Phy DF OF
1 Michael Del Zotto Matt Niskanen 60 1 2 2
2 Thomas Hickey Gord Baldwin 40 1 2 2
Last Minutes Offensive
Center Left Wing Right Wing Defense Defense
Nick Bonino Matt Beleskey Chris Neil Michael Del Zotto Matt Niskanen
Last Minutes Defensive
Center Left Wing Right Wing Defense Defense
Anton Lander Jan Hlavac Chris Neil Gord Baldwin Matt Donovan
Goaltenders
Starting : Anders Lindback
Backup : Calvin Pickard
Extra Forwards
Normal : Drayson Bowman, Jordan Szwarz, Matt Beleskey - PP : Drayson Bowman, Jordan Szwarz - PK : Chris Neil
Extra Defensemen
Normal : Matt Donovan, Cody Goloubef, Cade Fairchild - PP : Matt Donovan - PK : Cody Goloubef, Cade Fairchild
Penalty Shots
Jan Hlavac, Chris Neil, Nick Bonino, Matt Beleskey, Jonathan Tremblay
Gangsters
5 vs 5 Forward
Center Left Wing Right Wing Time % Phy DF OF
1 Ryan Johansen Nathan Gerbe Mikko Lehtonen 40 1 2 2
2 Alexandre Bolduc Curtis McKenzie Richard Panik 30 1 2 2
3 Maxime Sauvé Phillip Danault Devante Smith-Pelly 20 1 2 2
4 Ben Holmstrom Ryan Johansen Stefan Noesen 10 1 2 2
5 vs 5 Defense
Defense Defense Time % Phy DF OF
1 Colten Teubert Shaun Heska 40 1 2 2
2 Matt Delahey Michael Sdao 30 1 2 2
3 Patrik Nemeth Dougie Hamilton 20 1 2 2
4 Colten Teubert Shaun Heska 10 1 2 2
PowerPlay Forward
Center Left Wing Right Wing Time % Phy DF OF
1 Ryan Johansen Nathan Gerbe Mikko Lehtonen 60 1 2 2
2 Alexandre Bolduc Curtis McKenzie Richard Panik 40 1 2 2
PowerPlay Defense
Defense Defense Time % Phy DF OF
1 Colten Teubert Shaun Heska 60 1 2 2
2 Matt Delahey Michael Sdao 40 1 2 2
Penalty Kill 4 Players Forward
Center Wing Time % Phy DF OF
1 Ryan Johansen Nathan Gerbe 60 1 2 2
2 Alexandre Bolduc Mikko Lehtonen 40 1 2 2
Penalty Kill 4 Players Defense
Defense Defense Time % Phy DF OF
1 Colten Teubert Shaun Heska 60 1 2 2
2 Matt Delahey Michael Sdao 40 1 2 2
Penalty Kill - 3 Players Forward
Forward Time % Phy DF OF
1 Ryan Johansen 60 1 2 2
2 Nathan Gerbe 40 1 2 2
Penalty Kill - 3 Players Defense
Defense Defense Time % Phy DF OF
1 Colten Teubert Shaun Heska 60 1 2 2
2 Matt Delahey Michael Sdao 40 1 2 2
4 vs 4 Forward
Center Wing Time % Phy DF OF
1 Ryan Johansen Nathan Gerbe 60 1 2 2
2 Alexandre Bolduc Mikko Lehtonen 40 1 2 2
4 vs 4 Defense
Defense Defense Time % Phy DF OF
1 Colten Teubert Shaun Heska 60 1 2 2
2 Matt Delahey Michael Sdao 40 1 2 2
Last Minutes Offensive
Center Left Wing Right Wing Defense Defense
Ryan Johansen Nathan Gerbe Mikko Lehtonen Colten Teubert Shaun Heska
Last Minutes Defensive
Center Left Wing Right Wing Defense Defense
Ryan Johansen Nathan Gerbe Mikko Lehtonen Colten Teubert Shaun Heska
Goaltenders
Starting : Dustin Tokarski
Backup : Mike Condon
Extra Forwards
Normal : Phil McRae, Maxime Sauvé, Ben Holmstrom - PP : Phil McRae, Maxime Sauvé - PK : Ben Holmstrom
Extra Defensemen
Normal : Patrik Nemeth, Dougie Hamilton, Matt Delahey - PP : Patrik Nemeth - PK : Dougie Hamilton, Matt Delahey
Penalty Shots
Ryan Johansen, Nathan Gerbe, Alexandre Bolduc, Mikko Lehtonen, Maxime Sauvé
% Time on Ice - Mulligans
Lines # - Real PCT - Wanted PCT - Time Play
Normal Forward
1 - 32% - 35% - 16:48
2 - 29% - 30% - 15:00
3 - 20% - 20% - 10:23
4 - 19% - 15% - 9:43
Normal Defense
1 - 34% - 36% - 17:46
2 - 32% - 34% - 16:51
3 - 22% - 20% - 11:10
4 - 12% - 10% - 6:07
PP Forward
1 - 60% - 60% - 2:23
2 - 40% - 40% - 1:35
PP Defense
1 - 51% - 55% - 2:01
2 - 49% - 45% - 1:57
PK Forward
1 - 77% - 60% - 3:10
2 - 23% - 40% - 0:58
PK Defense
1 - 76% - 60% - 3:09
2 - 24% - 40% - 0:59
PK3 Forward
1 - 0% - 60%
2 - 0% - 40%
PK3 Defense
1 - 0% - 60%
2 - 0% - 40%
44 Forward
1 - 0% - 60%
2 - 0% - 40%
44 Defense
1 - 0% - 60%
2 - 0% - 40%
Last Minute Offensive - 0:00
Last Minute Defensive - 0:00
Total
Forward - 60:00
Defense - 60:00
|
% Time on Ice - Gangsters
Lines # - Real PCT - Wanted PCT - Time Play
Normal Forward
1 - 33% - 40% - 17:20
2 - 27% - 30% - 13:52
3 - 28% - 20% - 14:39
4 - 12% - 10% - 6:03
Normal Defense
1 - 38% - 40% - 19:53
2 - 30% - 30% - 15:31
3 - 28% - 20% - 14:23
4 - 4% - 10% - 2:07
PP Forward
1 - 52% - 60% - 2:09
2 - 48% - 40% - 1:59
PP Defense
1 - 52% - 60% - 2:08
2 - 48% - 40% - 2:00
PK Forward
1 - 100% - 60% - 3:58
2 - 0% - 40% - 0:00
PK Defense
1 - 69% - 60% - 2:44
2 - 31% - 40% - 1:14
PK3 Forward
1 - 0% - 60%
2 - 0% - 40%
PK3 Defense
1 - 0% - 60%
2 - 0% - 40%
44 Forward
1 - 0% - 60%
2 - 0% - 40%
44 Defense
1 - 0% - 60%
2 - 0% - 40%
Last Minute Offensive - 0:00
Last Minute Defensive - 0:00
Total
Forward - 60:00
Defense - 60:00
|
Play by Play
1st period
0:01 of 1st period - Ryan Johansen wins face-off versus Nick Bonino in neutral zone.
0:48 of 1st period - Thomas Hickey is hit by Devante Smith-Pelly and loses puck.
1:16 of 1st period - Logan Shaw is hit by Ben Holmstrom and loses puck.
1:58 of 1st period - Maxime Sauvé is hit by Gord Baldwin.
2:58 of 1st period - Backhand shot by Devante Smith-Pelly.
2:58 of 1st period - Shot Blocked by Matt Donovan.
3:00 of 1st period - Backhand shot by Shaun Heska.
3:00 of 1st period - Shot Misses the Net.
3:09 of 1st period - Icing by Drayson Bowman.
3:10 of 1st period - Phil McRae wins face-off versus Tim Schaller in Mulligans zone.
3:49 of 1st period - Wrist shot by Drayson Bowman.
3:49 of 1st period - Stopped by Dustin Tokarski without a rebound.
3:50 of 1st period - Ryan Johansen wins face-off versus Nick Bonino in Gangsters zone.
3:57 of 1st period - Snap shot by Nathan Gerbe.
3:57 of 1st period - Stopped by Anders Lindback with a rebound.
4:05 of 1st period - Wrist shot by Nathan Gerbe.
4:05 of 1st period - Deflect By Ryan Johansen.
4:05 of 1st period - Stopped by Anders Lindback with a rebound.
4:25 of 1st period - Slapshot by Maxime Sauvé.
4:25 of 1st period - Stopped by Anders Lindback without a rebound.
4:26 of 1st period - Ryan Johansen wins face-off versus Jonathan Tremblay in Mulligans zone.
4:29 of 1st period - Snap shot by Mikko Lehtonen.
4:29 of 1st period - Shot Hit the Post.
4:31 of 1st period - Backhand shot by Mikko Lehtonen.
4:31 of 1st period - Stopped by Anders Lindback without a rebound.
4:32 of 1st period - Ryan Johansen wins face-off versus Jonathan Tremblay in Mulligans zone.
5:12 of 1st period - Snap shot by Eric Tangradi.
5:12 of 1st period - Shot Misses the Net.
5:14 of 1st period - Slapshot by Gord Baldwin.
5:14 of 1st period - Stopped by Dustin Tokarski without a rebound.
5:15 of 1st period - Nick Bonino wins face-off versus Alexandre Bolduc in Gangsters zone.
5:28 of 1st period - Snap shot by Matt Beleskey.
5:28 of 1st period - Deflect By Matt Delahey.
5:28 of 1st period - Shot Misses the Net.
5:28 of 1st period - Puck is out of play.
5:29 of 1st period - Maxime Sauvé wins face-off versus Nick Shore in Gangsters zone.
6:21 of 1st period - Colten Teubert is hit by Thomas Hickey and loses puck.
7:08 of 1st period - Logan Shaw is hit by Ben Holmstrom and loses puck.
7:39 of 1st period - Anton Lander is hit by Phillip Danault and loses puck.
8:23 of 1st period - Snap shot by Jan Hlavac.
8:23 of 1st period - Deflect By Dougie Hamilton.
8:23 of 1st period - Shot Blocked by Dougie Hamilton.
8:23 of 1st period - Puck is out of play.
8:24 of 1st period - Alexandre Bolduc wins face-off versus Nick Shore in Gangsters zone.
8:29 of 1st period - Snap shot by Alexandre Bolduc.
8:29 of 1st period - Shot Misses the Net.
9:35 of 1st period - Wrist shot by Alexandre Bolduc.
9:35 of 1st period - Shot Misses the Net.
10:02 of 1st period - Wrist shot by Thomas Hickey.
10:02 of 1st period - Shot Blocked by Nathan Gerbe.
10:04 of 1st period - Slapshot by Thomas Hickey.
10:04 of 1st period - Stopped by Dustin Tokarski with a rebound.
10:16 of 1st period - Snap shot by Richard Panik.
10:16 of 1st period - Stopped by Anders Lindback with a rebound.
10:18 of 1st period - Snap shot by Richard Panik.
10:18 of 1st period - Goal by Richard Panik - Mulligans : 0 - Gangsters : 1.
10:19 of 1st period - Nick Bonino wins face-off versus Alexandre Bolduc in neutral zone.
10:21 of 1st period - Minor Penalty to Chris Neil for High sticking.
10:22 of 1st period - Ryan Johansen wins face-off versus Tim Schaller in Mulligans zone.
12:21 of 1st period - Penalty to Chris Neil is over, Chris Neil is back on ice.
12:26 of 1st period - Snap shot by Chris Neil.
12:26 of 1st period - Deflect By Nick Bonino.
12:26 of 1st period - Shot Misses the Net.
12:26 of 1st period - Puck is out of play.
12:27 of 1st period - Nick Bonino wins face-off versus Phillip Danault in Gangsters zone.
12:34 of 1st period - Wrist shot by Nick Bonino.
12:34 of 1st period - Stopped by Dustin Tokarski without a rebound.
12:35 of 1st period - Maxime Sauvé wins face-off versus Nick Bonino in Gangsters zone.
13:10 of 1st period - Patrik Nemeth is hit by Jonathan Tremblay and loses puck.
13:35 of 1st period - Snap shot by Jan Hlavac.
13:35 of 1st period - Stopped by Dustin Tokarski with a rebound.
13:51 of 1st period - Snap shot by Devante Smith-Pelly.
13:51 of 1st period - Stopped by Anders Lindback with a rebound.
13:53 of 1st period - Snap shot by Maxime Sauvé.
13:53 of 1st period - Stopped by Anders Lindback without a rebound.
13:54 of 1st period - Nick Bonino wins face-off versus Nathan Gerbe in Mulligans zone.
14:04 of 1st period - Chris Neil is hit by Ryan Johansen.
14:26 of 1st period - Jonathan Tremblay is hit by Curtis McKenzie and loses puck.
15:04 of 1st period - Michael Del Zotto is hit by Shaun Heska and loses puck.
15:31 of 1st period - Ryan Johansen is hit by Eric Tangradi and loses puck.
15:55 of 1st period - Snap shot by Matt Beleskey.
15:55 of 1st period - Goal by Matt Beleskey - Mulligans : 1 - Gangsters : 1.
15:56 of 1st period - Ryan Johansen wins face-off versus Nick Bonino in neutral zone.
16:01 of 1st period - Wrist shot by Ryan Johansen.
16:01 of 1st period - Stopped by Anders Lindback with a rebound.
16:03 of 1st period - Wrist shot by Nathan Gerbe.
16:03 of 1st period - Goal by Nathan Gerbe - Mulligans : 1 - Gangsters : 2.
16:04 of 1st period - Nick Bonino wins face-off versus Ryan Johansen in neutral zone.
16:11 of 1st period - Snap shot by Nick Bonino.
16:11 of 1st period - Deflect By Chris Neil.
16:11 of 1st period - Shot Blocked by Colten Teubert.
16:11 of 1st period - Puck is out of play.
16:12 of 1st period - Ryan Johansen wins face-off versus Nick Bonino in Gangsters zone.
16:34 of 1st period - Icing by Nick Bonino.
16:35 of 1st period - Nick Bonino wins face-off versus Alexandre Bolduc in Mulligans zone.
16:44 of 1st period - Wrist shot by Alexandre Bolduc.
16:44 of 1st period - Shot Misses the Net.
16:46 of 1st period - Snap shot by Curtis McKenzie.
16:46 of 1st period - Shot Misses the Net.
16:48 of 1st period - Snap shot by Matt Delahey.
16:48 of 1st period - Shot Blocked by Matt Niskanen.
16:50 of 1st period - Snap shot by Michael Sdao.
16:50 of 1st period - Stopped by Anders Lindback without a rebound.
16:51 of 1st period - Ryan Johansen wins face-off versus Nick Bonino in Mulligans zone.
16:58 of 1st period - Slapshot by Nathan Gerbe.
16:58 of 1st period - Stopped by Anders Lindback with a rebound.
17:00 of 1st period - Wrist shot by Mikko Lehtonen.
17:00 of 1st period - Shot Blocked by Matt Donovan.
17:49 of 1st period - Wrist shot by Drayson Bowman.
17:49 of 1st period - Stopped by Dustin Tokarski with a rebound.
18:00 of 1st period - Off-side.
18:01 of 1st period - Nick Shore wins face-off versus Maxime Sauvé in neutral zone.
18:04 of 1st period - Shaun Heska is hit by Logan Shaw.
18:32 of 1st period - Off-side.
18:33 of 1st period - Ryan Johansen wins face-off versus Nick Bonino in neutral zone.
18:58 of 1st period - Chris Neil is hit by Maxime Sauvé and loses puck.
19:20 of 1st period - Snap shot by Anton Lander.
19:20 of 1st period - Shot Misses the Net.
19:28 of 1st period - Slapshot by Anton Lander.
19:28 of 1st period - Shot Misses the Net.
19:48 of 1st period - Wrist shot by Ryan Johansen.
19:48 of 1st period - Shot Misses the Net.
Goals for this period are 1 for Mulligans vs 2 for Gangsters.
Shots for this period are 7 for Mulligans vs 12 for Gangsters.
2nd period
0:01 of 2nd period - Ryan Johansen wins face-off versus Anton Lander in neutral zone.
0:29 of 2nd period - Snap shot by Alexandre Bolduc.
0:29 of 2nd period - Stopped by Anders Lindback without a rebound.
0:30 of 2nd period - Nick Bonino wins face-off versus Richard Panik in Mulligans zone.
0:35 of 2nd period - Wrist shot by Nick Bonino.
0:35 of 2nd period - Goal by Nick Bonino - Mulligans : 2 - Gangsters : 2.
0:36 of 2nd period - Anton Lander wins face-off versus Ryan Johansen in neutral zone.
0:45 of 2nd period - Snap shot by Nathan Gerbe.
0:45 of 2nd period - Goal by Nathan Gerbe - Mulligans : 2 - Gangsters : 3.
0:46 of 2nd period - Anton Lander wins face-off versus Ryan Johansen in neutral zone.
1:19 of 2nd period - Backhand shot by Alexandre Bolduc.
1:19 of 2nd period - Shot Blocked by Matt Niskanen.
1:51 of 2nd period - Slapshot by Chris Neil.
1:51 of 2nd period - Stopped by Dustin Tokarski with a rebound.
1:57 of 2nd period - Chris Neil is hit by Michael Sdao and loses puck.
2:52 of 2nd period - Wrist shot by Ryan Johansen.
2:52 of 2nd period - Shot Blocked by Gord Baldwin.
3:02 of 2nd period - Wrist shot by Tim Schaller.
3:02 of 2nd period - Stopped by Dustin Tokarski with a rebound.
3:04 of 2nd period - Snap shot by Drayson Bowman.
3:04 of 2nd period - Stopped by Dustin Tokarski with a rebound.
3:06 of 2nd period - Slapshot by Gord Baldwin.
3:06 of 2nd period - Shot Misses the Net.
3:21 of 2nd period - Icing by Curtis McKenzie.
3:22 of 2nd period - Nick Shore wins face-off versus Curtis McKenzie in Gangsters zone.
4:04 of 2nd period - Chris Neil is hit by Michael Sdao and loses puck.
4:17 of 2nd period - Minor Penalty to Cade Fairchild for Boarding.
4:18 of 2nd period - Ryan Johansen wins face-off versus Tim Schaller in Mulligans zone.
4:27 of 2nd period - Backhand shot by Ryan Johansen.
4:27 of 2nd period - Goal by Ryan Johansen - Mulligans : 2 - Gangsters : 4.
4:27 of 2nd period - Calvin Pickard enters game.
4:28 of 2nd period - Ryan Johansen wins face-off versus Anton Lander in neutral zone.
4:35 of 2nd period - Slapshot by Mikko Lehtonen.
4:35 of 2nd period - Deflect By Nathan Gerbe.
4:35 of 2nd period - Shot Misses the Net.
4:35 of 2nd period - Puck is out of play.
4:36 of 2nd period - Anton Lander wins face-off versus Ryan Johansen in Mulligans zone.
4:52 of 2nd period - Snap shot by Nathan Gerbe.
4:52 of 2nd period - Deflect By Matt Donovan.
4:52 of 2nd period - Goal by Nathan Gerbe - Mulligans : 2 - Gangsters : 5.
4:53 of 2nd period - Nick Bonino wins face-off versus Ryan Johansen in neutral zone.
4:56 of 2nd period - Wrist shot by Chris Neil.
4:56 of 2nd period - Stopped by Dustin Tokarski with a rebound.
5:20 of 2nd period - Jonathan Tremblay is hit by Richard Panik and loses puck.
5:51 of 2nd period - Icing by Matt Delahey.
5:52 of 2nd period - Nick Bonino wins face-off versus Phillip Danault in Gangsters zone.
6:39 of 2nd period - Slapshot by Maxime Sauvé.
6:39 of 2nd period - Deflect By Devante Smith-Pelly.
6:39 of 2nd period - Stopped by Calvin Pickard with a rebound.
6:41 of 2nd period - Wrist shot by Phillip Danault.
6:41 of 2nd period - Stopped by Calvin Pickard without a rebound.
6:42 of 2nd period - Ryan Johansen wins face-off versus Nick Shore in Mulligans zone.
7:03 of 2nd period - Minor Penalty to Cody Goloubef for Holding.
7:04 of 2nd period - Ryan Johansen wins face-off versus Tim Schaller in Mulligans zone.
7:07 of 2nd period - Wrist shot by Ryan Johansen.
7:07 of 2nd period - Stopped by Calvin Pickard with a rebound.
9:03 of 2nd period - Penalty to Cody Goloubef is over, Cody Goloubef is back on ice.
9:31 of 2nd period - Wrist shot by Devante Smith-Pelly.
9:31 of 2nd period - Shot Blocked by Anton Lander.
10:09 of 2nd period - Jan Hlavac is hit by Devante Smith-Pelly and loses puck.
10:59 of 2nd period - Slapshot by Matt Niskanen.
10:59 of 2nd period - Deflect By Nick Bonino.
10:59 of 2nd period - Shot Misses the Net.
10:59 of 2nd period - Puck is out of play.
11:00 of 2nd period - Phil McRae wins face-off versus Nick Bonino in Gangsters zone.
11:00 of 2nd period - Phil McRae is hit by Chris Neil.
11:16 of 2nd period - Michael Sdao is hit by Chris Neil and loses puck.
11:46 of 2nd period - Matt Delahey is hit by Matt Niskanen and loses puck.
11:58 of 2nd period - Thomas Hickey is hit by Mikko Lehtonen and loses puck.
12:27 of 2nd period - Slapshot by Matt Niskanen.
12:27 of 2nd period - Stopped by Dustin Tokarski without a rebound.
12:28 of 2nd period - Eric Tangradi wins face-off versus Alexandre Bolduc in Gangsters zone.
13:03 of 2nd period - Slapshot by Jan Hlavac.
13:03 of 2nd period - Shot Misses the Net.
13:05 of 2nd period - Snap shot by Cody Goloubef.
13:05 of 2nd period - Deflect By Nick Shore.
13:05 of 2nd period - Stopped by Dustin Tokarski without a rebound.
13:06 of 2nd period - Anton Lander wins face-off versus Ben Holmstrom in Gangsters zone.
13:33 of 2nd period - Drayson Bowman is hit by Michael Sdao and loses puck.
13:42 of 2nd period - Wrist shot by Devante Smith-Pelly.
13:42 of 2nd period - Stopped by Calvin Pickard with a rebound.
14:30 of 2nd period - Off-side.
14:31 of 2nd period - Ben Holmstrom wins face-off versus Anton Lander in neutral zone.
14:36 of 2nd period - Slapshot by Shaun Heska.
14:36 of 2nd period - Goal by Shaun Heska - Mulligans : 2 - Gangsters : 6.
14:37 of 2nd period - Nick Bonino wins face-off versus Ryan Johansen in neutral zone.
14:40 of 2nd period - Backhand shot by Matt Beleskey.
14:40 of 2nd period - Shot Misses the Net.
15:12 of 2nd period - Wrist shot by Devante Smith-Pelly.
15:12 of 2nd period - Shot Misses the Net.
15:20 of 2nd period - Devante Smith-Pelly is hit by Matt Beleskey and loses puck.
15:25 of 2nd period - Wrist shot by Chris Neil.
15:25 of 2nd period - Shot Blocked by Devante Smith-Pelly.
15:27 of 2nd period - Backhand shot by Matt Niskanen.
15:27 of 2nd period - Stopped by Dustin Tokarski without a rebound.
15:28 of 2nd period - Jonathan Tremblay wins face-off versus Ryan Johansen in Gangsters zone.
15:29 of 2nd period - Snap shot by Anton Lander.
15:29 of 2nd period - Stopped by Dustin Tokarski without a rebound.
15:30 of 2nd period - Anton Lander wins face-off versus Ryan Johansen in Gangsters zone.
15:34 of 2nd period - Nathan Gerbe and Eric Tangradi fight to a draw.
15:34 of 2nd period - Penalty to Nathan Gerbe for Fighting.
15:34 of 2nd period - Penalty to Eric Tangradi for Fighting.
15:34 of 2nd period - Penalty to Nathan Gerbe for instigated a fight.
15:34 of 2nd period - Penalty to Nathan Gerbe for instigated a fight.
15:35 of 2nd period - Nick Bonino wins face-off versus Ryan Johansen in neutral zone.
15:42 of 2nd period - Wrist shot by Nick Bonino.
15:42 of 2nd period - Shot Blocked by Ryan Johansen.
15:44 of 2nd period - Slapshot by Chris Neil.
15:44 of 2nd period - Stopped by Dustin Tokarski without a rebound.
15:45 of 2nd period - Ryan Johansen wins face-off versus Nick Bonino in Gangsters zone.
15:56 of 2nd period - Slapshot by Nick Bonino.
15:56 of 2nd period - Shot Blocked by Shaun Heska.
16:10 of 2nd period - Slapshot by Michael Del Zotto.
16:10 of 2nd period - Stopped by Dustin Tokarski without a rebound.
16:11 of 2nd period - Ryan Johansen wins face-off versus Anton Lander in Gangsters zone.
16:14 of 2nd period - Wrist shot by Jonathan Tremblay.
16:14 of 2nd period - Stopped by Dustin Tokarski with a rebound.
16:16 of 2nd period - Slapshot by Thomas Hickey.
16:16 of 2nd period - Shot Misses the Net.
16:22 of 2nd period - Slapshot by Matt Niskanen.
16:22 of 2nd period - Stopped by Dustin Tokarski with a rebound.
16:24 of 2nd period - Backhand shot by Thomas Hickey.
16:24 of 2nd period - Stopped by Dustin Tokarski with a rebound.
16:37 of 2nd period - Colten Teubert is hit by Thomas Hickey and loses puck.
16:42 of 2nd period - Snap shot by Nick Bonino.
16:42 of 2nd period - Stopped by Dustin Tokarski with a rebound.
16:53 of 2nd period - Icing by Jonathan Tremblay.
16:54 of 2nd period - Anton Lander wins face-off versus Ben Holmstrom in Mulligans zone.
17:01 of 2nd period - Slapshot by Michael Del Zotto.
17:01 of 2nd period - Deflect By Jordan Szwarz.
17:01 of 2nd period - Shot Blocked by Michael Sdao.
17:01 of 2nd period - Puck is out of play.
17:02 of 2nd period - Ryan Johansen wins face-off versus Nick Bonino in Gangsters zone.
17:02 of 2nd period - Ryan Johansen is hit by Nick Bonino.
17:18 of 2nd period - Slapshot by Michael Del Zotto.
17:18 of 2nd period - Shot Blocked by Michael Sdao.
17:34 of 2nd period - Penalty to Nathan Gerbe is over, Richard Panik is send on ice.
17:46 of 2nd period - Thomas Hickey is hit by Michael Sdao.
18:12 of 2nd period - Wrist shot by Matt Beleskey.
18:12 of 2nd period - Shot Misses the Net.
18:15 of 2nd period - Icing by Michael Sdao.
18:16 of 2nd period - Anton Lander wins face-off versus Ryan Johansen in Gangsters zone.
18:19 of 2nd period - Slapshot by Michael Del Zotto.
18:19 of 2nd period - Stopped by Dustin Tokarski without a rebound.
18:20 of 2nd period - Maxime Sauvé wins face-off versus Anton Lander in Gangsters zone.
18:29 of 2nd period - Wrist shot by Maxime Sauvé.
18:29 of 2nd period - Stopped by Calvin Pickard without a rebound.
18:30 of 2nd period - Maxime Sauvé wins face-off versus Anton Lander in Mulligans zone.
18:33 of 2nd period - Slapshot by Maxime Sauvé.
18:33 of 2nd period - Shot Blocked by Michael Del Zotto.
18:35 of 2nd period - Snap shot by Maxime Sauvé.
18:35 of 2nd period - Shot Misses the Net.
19:03 of 2nd period - Off-side.
19:04 of 2nd period - Alexandre Bolduc wins face-off versus Logan Shaw in neutral zone.
19:11 of 2nd period - Wrist shot by Curtis McKenzie.
19:11 of 2nd period - Stopped by Calvin Pickard without a rebound.
19:12 of 2nd period - Alexandre Bolduc wins face-off versus Nick Bonino in Mulligans zone.
19:15 of 2nd period - Wrist shot by Richard Panik.
19:15 of 2nd period - Shot Misses the Net.
19:17 of 2nd period - Snap shot by Richard Panik.
19:17 of 2nd period - Stopped by Calvin Pickard with a rebound.
19:19 of 2nd period - Wrist shot by Alexandre Bolduc.
19:19 of 2nd period - Goal by Alexandre Bolduc - Mulligans : 2 - Gangsters : 7.
19:20 of 2nd period - Anton Lander wins face-off versus Ryan Johansen in neutral zone.
19:25 of 2nd period - Wrist shot by Jonathan Tremblay.
19:25 of 2nd period - Shot Blocked by Mikko Lehtonen.
19:50 of 2nd period - Snap shot by Matt Niskanen.
19:50 of 2nd period - Stopped by Dustin Tokarski with a rebound.
19:52 of 2nd period - Wrist shot by Nick Bonino.
19:52 of 2nd period - Deflect By Chris Neil.
19:52 of 2nd period - Shot Blocked by Colten Teubert.
19:52 of 2nd period - Puck is out of play.
19:53 of 2nd period - Nick Bonino wins face-off versus Ryan Johansen in Gangsters zone.
Goals for this period are 1 for Mulligans vs 5 for Gangsters.
Shots for this period are 17 for Mulligans vs 13 for Gangsters.
3rd period
0:01 of 3rd period - Chris Neil wins face-off versus Ryan Johansen in neutral zone.
0:26 of 3rd period - Richard Panik is hit by Cody Goloubef and loses puck.
1:22 of 3rd period - Slapshot by Thomas Hickey.
1:22 of 3rd period - Deflect By Dougie Hamilton.
1:22 of 3rd period - Stopped by Dustin Tokarski without a rebound.
1:23 of 3rd period - Anton Lander wins face-off versus Alexandre Bolduc in Gangsters zone.
1:34 of 3rd period - Snap shot by Jonathan Tremblay.
1:34 of 3rd period - Shot Blocked by Colten Teubert.
1:36 of 3rd period - Slapshot by Matt Donovan.
1:36 of 3rd period - Stopped by Dustin Tokarski with a rebound.
2:50 of 3rd period - Michael Sdao is hit by Cade Fairchild and loses puck.
3:13 of 3rd period - Wrist shot by Logan Shaw.
3:13 of 3rd period - Stopped by Dustin Tokarski with a rebound.
3:54 of 3rd period - Chris Neil is hit by Matt Delahey and loses puck.
4:16 of 3rd period - Icing by Dougie Hamilton.
4:17 of 3rd period - Tim Schaller wins face-off versus Alexandre Bolduc in Gangsters zone.
4:18 of 3rd period - Slapshot by Michael Del Zotto.
4:18 of 3rd period - Stopped by Dustin Tokarski with a rebound.
4:20 of 3rd period - Snap shot by Tim Schaller.
4:20 of 3rd period - Shot Blocked by Patrik Nemeth.
4:26 of 3rd period - Wrist shot by Tim Schaller.
4:26 of 3rd period - Stopped by Dustin Tokarski without a rebound.
4:27 of 3rd period - Ben Holmstrom wins face-off versus Tim Schaller in Gangsters zone.
4:27 of 3rd period - Ben Holmstrom is hit by Jordan Szwarz.
5:35 of 3rd period - Ryan Johansen is hit by Thomas Hickey and loses puck.
5:45 of 3rd period - Snap shot by Mikko Lehtonen.
5:45 of 3rd period - Deflect By Ryan Johansen.
5:45 of 3rd period - Shot Misses the Net.
5:45 of 3rd period - Puck is out of play.
5:46 of 3rd period - Matt Beleskey wins face-off versus Curtis McKenzie in Mulligans zone.
5:55 of 3rd period - Alexandre Bolduc is hit by Nick Bonino and loses puck.
6:18 of 3rd period - Cody Goloubef is hit by Mikko Lehtonen and loses puck.
6:40 of 3rd period - Wrist shot by Michael Del Zotto.
6:40 of 3rd period - Stopped by Dustin Tokarski with a rebound.
7:07 of 3rd period - Anton Lander is hit by Phillip Danault and loses puck.
7:55 of 3rd period - Off-side.
7:56 of 3rd period - Nick Bonino wins face-off versus Phil McRae in neutral zone.
8:10 of 3rd period - Snap shot by Matt Beleskey.
8:10 of 3rd period - Shot Misses the Net.
8:12 of 3rd period - Slapshot by Matt Niskanen.
8:12 of 3rd period - Deflect By Nick Bonino.
8:12 of 3rd period - Shot Misses the Net.
8:12 of 3rd period - Puck is out of play.
8:13 of 3rd period - Alexandre Bolduc wins face-off versus Tim Schaller in Gangsters zone.
8:15 of 3rd period - Minor Penalty to Curtis McKenzie for Kneeing.
8:16 of 3rd period - Ryan Johansen wins face-off versus Nick Bonino in Gangsters zone.
8:25 of 3rd period - Slapshot by Matt Niskanen.
8:25 of 3rd period - Stopped by Dustin Tokarski without a rebound.
8:26 of 3rd period - Nick Bonino wins face-off versus Ryan Johansen in Gangsters zone.
8:27 of 3rd period - Snap shot by Chris Neil.
8:27 of 3rd period - Shot Blocked by Colten Teubert.
10:07 of 3rd period - Shaun Heska is hit by Jonathan Tremblay and loses puck.
10:15 of 3rd period - Penalty to Curtis McKenzie is over, Curtis McKenzie is back on ice.
10:18 of 3rd period - Alexandre Bolduc is hit by Jordan Szwarz and loses puck.
10:34 of 3rd period - 10 Minutes Misconduct Penalty to Nathan Gerbe is over.
11:38 of 3rd period - Michael Del Zotto is hit by Dougie Hamilton and loses puck.
13:40 of 3rd period - Slapshot by Dougie Hamilton.
13:40 of 3rd period - Shot Hit the Post.
13:53 of 3rd period - Icing by Matt Beleskey.
13:54 of 3rd period - Ryan Johansen wins face-off versus Anton Lander in Mulligans zone.
13:59 of 3rd period - Wrist shot by Nathan Gerbe.
13:59 of 3rd period - Stopped by Calvin Pickard with a rebound.
14:01 of 3rd period - Snap shot by Nathan Gerbe.
14:01 of 3rd period - Shot Misses the Net.
14:21 of 3rd period - Jordan Szwarz is hit by Richard Panik and loses puck.
14:54 of 3rd period - Slapshot by Dougie Hamilton.
14:54 of 3rd period - Shot Misses the Net.
15:34 of 3rd period - Snap shot by Shaun Heska.
15:34 of 3rd period - Stopped by Calvin Pickard with a rebound.
16:17 of 3rd period - Drayson Bowman is hit by Mikko Lehtonen and loses puck.
16:43 of 3rd period - Slapshot by Jordan Szwarz.
16:43 of 3rd period - Stopped by Dustin Tokarski with a rebound.
17:02 of 3rd period - Stefan Noesen is hit by Drayson Bowman and loses puck.
17:24 of 3rd period - Curtis McKenzie is hit by Matt Beleskey and loses puck.
17:31 of 3rd period - Nick Bonino is hit by Alexandre Bolduc and loses puck.
18:08 of 3rd period - Wrist shot by Nick Shore.
18:08 of 3rd period - Deflect By Jan Hlavac.
18:08 of 3rd period - Shot Misses the Net.
18:08 of 3rd period - Puck is out of play.
18:09 of 3rd period - Alexandre Bolduc wins face-off versus Nick Shore in Gangsters zone.
18:28 of 3rd period - Thomas Hickey is hit by Maxime Sauvé and loses puck.
18:48 of 3rd period - Off-side.
18:49 of 3rd period - Nick Bonino wins face-off versus Ryan Johansen in neutral zone.
18:54 of 3rd period - Snap shot by Thomas Hickey.
18:54 of 3rd period - Deflect By Matt Beleskey.
18:54 of 3rd period - Stopped by Dustin Tokarski without a rebound.
18:55 of 3rd period - Nick Bonino wins face-off versus Ryan Johansen in Gangsters zone.
19:22 of 3rd period - Snap shot by Tim Schaller.
19:22 of 3rd period - Stopped by Dustin Tokarski with a rebound.
19:43 of 3rd period - Snap shot by Alexandre Bolduc.
19:43 of 3rd period - Stopped by Calvin Pickard with a rebound.
19:45 of 3rd period - Slapshot by Matt Delahey.
19:45 of 3rd period - Deflect By Richard Panik.
19:45 of 3rd period - Stopped by Calvin Pickard with a rebound.
19:47 of 3rd period - Wrist shot by Michael Sdao.
19:47 of 3rd period - Stopped by Calvin Pickard without a rebound.
19:48 of 3rd period - Alexandre Bolduc wins face-off versus Nick Bonino in Mulligans zone.
19:49 of 3rd period - Wrist shot by Colten Teubert.
19:49 of 3rd period - Stopped by Calvin Pickard with a rebound.
Goals for this period are 0 for Mulligans vs 0 for Gangsters.
Shots for this period are 10 for Mulligans vs 6 for Gangsters.
Back to the Top